 Dungeon Crawl Stone Soup version 0.20.2-3-g29329e0561 (webtiles) character file.

97 Alfie the Skirmisher (level 4, -1/41 HPs)
             Began as a Hill Orc Fighter on Aug 28, 2023.
             Slain by Alfie's ghost (8 damage)
             ... on level 3 of the Dungeon.
             The game lasted 00:03:47 (1370 turns).

Alfie the Skirmisher (Hill Orc Fighter)             Turns: 1370, Time: 00:03:47

Health: -1/41      AC:  8    Str: 19    XL:     4   Next: 68%
Magic:  4/4        EV:  7    Int:  8    God:
Gold:   78         SH: 10    Dex: 10    Spells: 1/3 levels left

rFire    . . .     SeeInvis .   a - +0 rapier
rCold    . . .     Gourm    .   c - +1 shield
rNeg     . . .     Faith    .   b - +1 scale mail
rPois    .         Spirit   .   (no helmet)
rElec    .         Reflect  .   (no cloak)
rCorr    .         Harm     .   (no gloves)
MR       .....                  (no boots)
Stlth    ..........             (no amulet)
Regen    0.2/turn               (no ring)
MPRegen  0.1/turn               (no ring)

@: no status effects
A: no striking features
a: no special abilities


You were on level 3 of the Dungeon.
You were not hungry.

You visited 1 branch of the dungeon, and saw 3 of its levels.

You collected 78 gold pieces.

Inventory:

Hand Weapons
 a - a +0 rapier (weapon)
Armour
 b - a +1 scale mail (worn)
 c - a +1 shield (worn)
Jewellery
 q - an uncursed ring of protection from cold {unknown}
Scrolls
 e - a scroll of recharging
 h - a scroll of fog
 i - a scroll of identify {unknown}
 l - a scroll of blinking {unknown}
 n - a scroll of remove curse {unknown}
 p - a scroll of fear {unknown}
Potions
 d - a potion of flight {unknown}
 g - 2 potions of ambrosia {unknown}
 k - a potion of agility {unknown}
 m - a potion of brilliance {unknown}
Comestibles
 f - 3 bread rations
 j - a meat ration
 r - a royal jelly


   Skills:
 + Level 4.4 Fighting
 + Level 3.0 Short Blades
 + Level 3.7 Armour
 + Level 0.7 Dodging
 + Level 3.9 Shields


You had one spell level left.
You knew the following spells:

 Your Spells              Type           Power        Failure   Level  Hunger
a - Summon Small Mammal   Summ           #...         99%         1    ##.....
b - Animate Skeleton      Necr           N/A          99%         1    ##.....


Dungeon Overview and Level Annotations

Branches:
Dungeon (3/15)

Altars:

Annotations:
D:3 Alfie's ghost, amateur HOFi


Message History

You hit Alfie's ghost but do no damage.
Alfie's ghost is severely damaged.
Alfie's ghost hits you.
You hit Alfie's ghost.
Alfie's ghost is severely damaged.
Alfie's ghost hits you.
* * * LOW HITPOINT WARNING * * *
Alfie's ghost ripples.
You block Alfie's ghost's attack.
You hit Alfie's ghost but do no damage.
Alfie's ghost is severely damaged.
You block Alfie's ghost's attack.
You puncture Alfie's ghost!
Alfie's ghost is almost destroyed.
Alfie's ghost hits you.
* * * LOW HITPOINT WARNING * * *
You barely miss Alfie's ghost.
Alfie's ghost is almost destroyed.
Alfie's ghost hits you!
You die...

##### ##§§.##
#######§###.#
#.§§§§§.# #.#
#.#####.###.######
#.....†W@..#
#.#...####.# #...#
# #.... ##..# #..#
.... ####


You could see Alfie's ghost.

Vanquished Creatures
  Jessica (D:2)
  2 adders (D:2)
  2 oozes (D:2)
  An adder skeleton (D:3)
  A worm (D:2)
  A dart slug (D:1)
  4 bats
  5 giant cockroaches
  5 goblins
  3 hobgoblins
  2 quokkas
  A ball python (D:2)
  2 frilled lizards (D:2)
  3 kobolds (D:2)
  5 rats
38 creatures vanquished.

Notes
Turn   | Place    | Note
-------+----------+-------------------------------------------
     0 | D:1      | Alfie the Hill Orc Fighter began the quest for the Orb.
     0 | D:1      | Reached XP level 1. HP: 19/19 MP: 1/1
   262 | D:1      | Reached XP level 2. HP: 21/27 MP: 2/2
   284 | D:1      | Reached skill level 4 in Fighting
   733 | D:2      | Reached XP level 3. HP: 18/33 MP: 3/3
   753 | D:2      | Noticed Jessica
   761 | D:2      | Killed Jessica
   825 | D:2      | Reached XP level 4. HP: 24/40 MP: 4/4
   856 | D:2      | Learned a level 1 spell: Summon Small Mammal
   858 | D:2      | Learned a level 1 spell: Animate Skeleton
  1350 | D:3      | Noticed Alfie's ghost (amateur HOFi)
  1370 | D:3      | Slain by Alfie's ghost

Skill      XL: |  1  2  3  4 |
---------------+-------------+-----
Fighting       | 4 |  4.4
Short Blades   | 3 |  3.0
Armour         | |  3.7
Dodging        | |  0.7
Shields        | |  3.9

Action                   |  1- 3 |  4- 6 || total
-------------------------+-------+-------++-------
Melee: Rapier            |    76 |    87 ||   163
  Use: Potion            |     1 |       ||     1
       Scroll            |       |     5 ||     5
  Eat: Royal jelly       |       |     1 ||     1
Armor: Scale mail        |    39 |    31 ||    70
Dodge: Dodged            |    38 |    17 ||    55
Block: Shield            |    39 |    33 ||    72
